Cogmind - Beta 11.1 @@@ ROGUE MODE // 2022.06.07 @ 22:30:54 Player: ChromeKnight Result: Destroyed by as-33365 with Assembled F-torch Performance ------------- Evolutions (0) 0 Regions Visited (4) 800 Robots Destroyed (12) 60 Value Destroyed (161) 161 Prototype IDs (0) 0 Alien Tech Used (0) 0 Bonus (0) 0 TOTAL SCORE: 1021 Bonus ------- None Cogmind --------- Core Integrity 0/250 Matter 268/300 Energy 89/100 System Corruption 1% Temperature Cool (20) Movement Core (400) Ox7 Location -9/Mines Parts ------- > --- POWER (1) -------- (None) > --- PROPULSION (2) --- (None) > --- UTILITY (2) ------ Large Storage Unit Light Armor Plating > --- WEAPON (2) ------- (None) > --- INVENTORY (15) --- Flight Unit Flight Unit Flight Unit Compact Matter Pod (150) Visual Processing Unit Light Armor Plating Small Laser Light Assault Rifle Explosive Trap Explosive Trap Peak State ------------ > --- POWER ------------ Light Ion Engine > --- PROPULSION ------- Light Treads Light Treads > --- UTILITY ---------- Medium Storage Unit Seismic Detector > --- WEAPON ----------- Medium Laser Medium Laser > --- INVENTORY -------- Aluminum Leg Aluminum Leg Flight Unit Flight Unit Heat Sink Visual Processing Unit Small Laser Assault Rifle Light Assault Rifle [Rating: 8] Favorites ----------- Power Light Ion Engine Engine Light Ion Engine Propulsion Light Treads Treads Light Treads Utility Large Storage Unit Device Heat Sink Storage Large Storage Unit Protection Light Armor Plating Weapon Medium Laser Energy Gun Medium Laser Launcher Rocket Launcher Build | -11 -10 -10 -10 -9 ------- Run | Scr Mat Min Exi Min Slots Evolved . | . . . . . Power . | . . . . . Propulsion . | . . . . . Utility . | . . . . . Weapon . | . . . . . Parts Attached 15 | 7 3 2 . 3 Power 1 | 1 . . . . Engine 1 | 1 . . . . Core . | . . . . . Reactor . | . . . . . Propulsion 2 | 2 . . . . Treads 2 | 2 . . . . Leg . | . . . . . Wheel . | . . . . . Hover . | . . . . . Flight . | . . . . . Utility 7 | 2 2 1 . 2 Device 2 | 1 . 1 . . Storage 3 | 1 2 . . . Processor . | . . . . . Hackware . | . . . . . Protection 2 | . . . . 2 Artifact . | . . . . . Weapon 5 | 2 1 1 . 1 Energy Gun 4 | 2 1 1 . . Energy Cannon . | . . . . . Ballistic Gun . | . . . . . Ballistic Cannon . | . . . . . Launcher 1 | . . . . 1 Special Weapon . | . . . . . Impact Weapon . | . . . . . Slashing Weapon . | . . . . . Piercing Weapon . | . . . . . Special Melee Weapon . | . . . . . Unidentified Prototypes . | . . . . . Parts Lost 8 | . . . . 8 Power 1 | . . . . 1 Propulsion 2 | . . . . 2 Utility 2 | . . . . 2 Weapon 3 | . . . . 3 Highest Loss Streak 8 | . . . . 8 To Critical Strikes . | . . . . . Average Slot Usage (%) 99 | . 100 100 100 76 Engine 14 | . 14 14 14 14 Treads 27 | . 28 28 28 18 Device 13 | . 14 14 14 4 Storage 14 | . 14 14 14 14 Energy Gun 27 | . 28 28 28 14 Naked Turns . | . . . . . Heaviest Build 28 | 13 28 28 27 27 Greatest Support 40 | 40 40 40 40 40 Greatest Overweight (x) 7 | . . . . 7 Average Overweight (x) . | . . . . 1 Largest Inventory Capacity 15 | 8 15 15 15 15 Average Capacity 13 | 7 10 15 15 15 Most Carried 15 | 3 13 15 14 14 Average Carried 11 | 1 6 14 14 12 Final Capacity 15 | 8 15 15 15 15 Final Carried 14 | 3 13 14 14 10 Class Distribution -------------------- 100% | Mutant Dominant Class ---------------- Mutant | -10/Materials Mutant | -10/Mines Mutant | -10/Exiles Mutant | -9/Mines Resources | -11 -10 -10 -10 -9 ----------- Run | Scr Mat Min Exi Min Matter Collected 320 | 270 20 30 . . Remotely . | . . . . . Salvage Created 392 | 125 76 171 . 20 Parts 22 | 9 7 6 . . Haulers Intercepted . | . . . . . Recyclers Shooed 1 | 1 . . . . Parts Field Recycled . | . . . . . Retrieved Matter . | . . . . . Parts Self-Destructed . | . . . . . Prevented . | . . . . . Kills | -11 -10 -10 -10 -9 ------- Run | Scr Mat Min Exi Min Combat Hostiles Destroyed 10 | . 3 2 . 5 Guns 5 | . 3 2 . . AOE 5 | . . . . 5 Classes Destroyed 7 | 2 2 2 . 1 Worker 1 | . . 1 . . Tunneler 3 | 3 . . . . Recycler 2 | 1 . 1 . . Watcher 1 | . 1 . . . Swarmer 3 | . 3 . . . Grunt 2 | . . 2 . . Assembled 5 | . . . . 5 Best Kill Streak 5 | 4 3 2 . 5 Combat Bots Only 5 | . 3 2 . 5 Max Kills in Single Turn 3 | 1 2 1 . 3 Gunslinging . | . . . . . Exploded 3 | . . . . 3 Melee . | . . . . . Uniques/NPCs Destroyed . | . . . . . Combat | -11 -10 -10 -10 -9 -------- Run | Scr Mat Min Exi Min Damage Taken 990 | . 98 87 . 805 Core 258 | . . 11 . 247 Absorbed by Shields . | . . . . . Core Remaining (%) 100 | 100 . . . . Volleys Fired 30 | 5 8 15 . 2 Largest 2 | 2 2 2 . 1 Hottest 100 | 100 100 100 . 33 Shots Fired 58 | 10 16 30 . 2 Gun 56 | 10 16 30 . . Cannon . | . . . . . Launcher 2 | . . . . 2 Special . | . . . . . Kinetic . | . . . . . Thermal 56 | 10 16 30 . . Explosive 2 | . . . . 2 Electromagnetic . | . . . . . Robot Hit Streak 8 | 4 5 8 . 5 Robot Miss Streak 2 | 1 1 2 . 1 Penetration Max . | . . . . . Secondary Targets 1 | . . 1 . . Max Gunslinging Chain 1 | . . 1 . . Shots Hit Robots 40 | 7 10 22 . 1 Core Hits 24 | 5 4 10 . 5 Critical Kills . | . . . . . Critical Parts Destroyed . | . . . . . Critical Strikes 3 | 1 . 2 . . Burn 3 | 1 . 2 . . Melee Attacks . | . . . . . Impact . | . . . . . Slashing . | . . . . . Piercing . | . . . . . Sneak Attacks . | . . . . . Combat Hostiles . | . . . . . Follow-up Attacks . | . . . . . Damage Inflicted 851 | 89 138 262 . 362 Guns 489 | 89 138 262 . . Cannons . | . . . . . Explosions 362 | . . . . 362 Melee . | . . . . . Ramming . | . . . . . Kinetic . | . . . . . Thermal 489 | 89 138 262 . . Explosive 362 | . . . . 362 Electromagnetic . | . . . . . Impact . | . . . . . Slashing . | . . . . . Piercing . | . . . . . Highest Corruption 1 | . . . . 1 Average Corruption 1 | . . . . 1 Corruption Purged . | . . . . . Corruption Blocked . | . . . . . Overload Shots . | . . . . . Overflow Damage 44 | . . . . 44 Projectiles . | . . . . . Explosions 44 | . . . . 44 Melee . | . . . . . Knockbacks . | . . . . . Impact . | . . . . . Kinetic . | . . . . . Secondary . | . . . . . Self-Inflicted Damage 93 | . . . . 93 Shots 2 | . . . . 2 Rammed . | . . . . . Targets Rammed . | . . . . . Kicked . | . . . . . Crushed . | . . . . . Highest Temperature 321 | 195 234 321 . 11 Average Temperature 114 | 98 94 148 . 6 Received Heat Transfer 108 | . . 48 . 60 Effects 1 | . 1 . . . Energy Bleed 1 | . 1 . . . Siege Activations . | . . . . . Robots Corrupted . | . . . . . Combat Hostiles . | . . . . . Parts Fried . | . . . . . Impact Corruptions . | . . . . . Robots Melted . | . . . . . Combat Hostiles . | . . . . . Parts Melted 1 | 1 . . . . Heat Transferred 1630 | 333 407 890 . . Parts Sabotaged . | . . . . . Parts Stolen . | . . . . . Parts Stripped . | . . . . . Power Chain Reactions . | . . . . . Missiles Intercepted . | . . . . . Alert | -11 -10 -10 -10 -9 ------- Run | Scr Mat Min Exi Min Peak Influence 116 | 20 116 95 . 21 Initial 45 | . 13 45 . . Average 39 | 7 68 33 . 6 Maximum Alert Level . | . . . . . Low Security (%) 100 | 100 100 100 . 100 Level 1 . | . . . . . Level 2 . | . . . . . Level 3 . | . . . . . Level 4 . | . . . . . Level 5 . | . . . . . High Security . | . . . . . Max Security . | . . . . . Squads Dispatched 1 | . 1 . . . Investigation . | . . . . . Extermination . | . . . . . Reinforcement 1 | . 1 . . . Assault . | . . . . . Garrison . | . . . . . Intercept . | . . . . . Searches Triggered . | . . . . . Construction Impeded . | . . . . . Haulers Reinforced . | . . . . . Active Scanning Responses . | . . . . . Cargo Convoy Interrupts . | . . . . . Stealth | -11 -10 -10 -10 -9 --------- Run | Scr Mat Min Exi Min Distress Signals . | . . . . . Communications Jammed . | . . . . . Distress Signals . | . . . . . Times Spotted 26 | . 4 2 . 20 Peak Tracking Total 18 | . 3 1 . 18 Tactical Retreats 1 | . . . . 1 Traps | -11 -10 -10 -10 -9 ------- Run | Scr Mat Min Exi Min Traps Triggered 1 | . 1 . . . Indirectly . | . . . . . Trap Hack Attempts . | . . . . . Triggered . | . . . . . Disarmed . | . . . . . Reprogrammed . | . . . . . Reused 1 | . . . . 1 Traps Extracted . | . . . . . Installed 1 | . . . . 1 Triggered . | . . . . . Most Traps Carried 3 | . . 3 3 3 Machines | -11 -10 -10 -10 -9 ---------- Run | Scr Mat Min Exi Min Machines Disabled . | . . . . . Max in Single Turn . | . . . . . Machines Sabotaged . | . . . . . Garrisons Compromised . | . . . . . Overloaded Fab Kills . | . . . . . Hacking | -11 -10 -10 -10 -9 --------- Run | Scr Mat Min Exi Min Machines Accessed 1 | . 1 . . . Terminals 1 | . 1 . . . Fabricators . | . . . . . Repair Stations . | . . . . . Recycling Units . | . . . . . Scanalyzers . | . . . . . Garrison Access . | . . . . . Total Hacks 2 | . 2 . . . Successful 2 | . 2 . . . Failed . | . . . . . Catastrophic . | . . . . . Database Lockouts . | . . . . . Manual 2 | . 2 . . . Terminals 2 | . 2 . . . Fabricators . | . . . . . Repair Stations . | . . . . . Recycling Units . | . . . . . Scanalyzers . | . . . . . Garrison Access . | . . . . . Terminal Hacks . | . . . . . Fabricator Hacks . | . . . . . Repair Station Hacks . | . . . . . Recycling Unit Hacks . | . . . . . Scanalyzer . | . . . . . Garrison Access Hacks . | . . . . . Unauthorized Hacks 2 | . 2 . . . Terminals 2 | . 2 . . . Botnet 1 | . 1 . . . Operators 1 | . 1 . . . Fabricators . | . . . . . Repair Stations . | . . . . . Recycling Units . | . . . . . Scanalyzers . | . . . . . Garrison Access . | . . . . . Data Cores Recovered . | . . . . . Used . | . . . . . Hacking Detections . | . . . . . Full Trace Events . | . . . . . Feedback Events . | . . . . . Feedback Blocked . | . . . . . Robot Schematics Acquired . | . . . . . Robots Built . | . . . . . Authchips . | . . . . . Time . | . . . . . Total Robot Build Rating . | . . . . . Part Schematics Acquired . | . . . . . Parts Built . | . . . . . Authchips . | . . . . . Time . | . . . . . Total Part Build Rating . | . . . . . Parts Repaired . | . . . . . Time . | . . . . . Parts Recycled . | . . . . . Recycled Matter . | . . . . . Retrieved Matter . | . . . . . Retrieved Components . | . . . . . Parts Scanalyzed . | . . . . . Part Schematics Acquired . | . . . . . Parts Damaged . | . . . . . Bothacking | -11 -10 -10 -10 -9 ------------ Run | Scr Mat Min Exi Min Used RIF Installer . | . . . . . Robots Hacked . | . . . . . Non-combat . | . . . . . Combat . | . . . . . Robot Hacks Applied . | . . . . . Relay Couplers Released . | . . . . . Fabnet Peak Effective % . | . . . . . Robots Rewired . | . . . . . Allies Hacked . | . . . . . Hacks Repelled . | . . . . . Allies | -11 -10 -10 -10 -9 -------- Run | Scr Mat Min Exi Min Total Allies 2 | . . . . 2 Largest Group 2 | . . . . 2 Highest-Rated Group 45 | . . . . 45 Highest-Rated Ally 31 | . . . . 31 Total Orders . | . . . . . Ally Attacks 3 | . . . . 3 Total Damage 42 | . . . . 42 Kills . | . . . . . Allies Corrupted . | . . . . . Allies Melted . | . . . . . Intel | -11 -10 -10 -10 -9 ------- Run | Scr Mat Min Exi Min Robot Analysis Total . | . . . . . Derelict Logs Recovered 2 | . . 2 . . Drone Launches . | . . . . . Drone Recoveries . | . . . . . Exploration | -11 -10 -10 -10 -9 ------------- Run | Scr Mat Min Exi Min Turns Passed 1856 | 98 386 1126 212 34 Spaces Moved 1075 | 48 214 668 133 12 Core 7 | 6 . . . 1 Treads 1068 | 42 214 668 133 11 Legs . | . . . . . Wheels . | . . . . . Hover . | . . . . . Flight . | . . . . . Fastest Speed 50 | 50 160 160 160 160 Average Speed 159 | 146 160 160 160 213 Slowest Speed 400 | 160 160 160 160 400 Overloaded Moves . | . . . . . Propulsion Burnouts . | . . . . . Robots Hopped . | . . . . . Cave-ins Triggered . | . . . . . Exploration Rate (%) 39 | 5 37 96 50 9 Regions Visited 4 Branch Regions 3 Pre-discovered Areas 1 | . . 1 . . Known Exits Taken . | . . . . . Unknown Exits Taken 4 | 1 1 1 1 . Scrap Searched 3 | . . 3 . . Spaces Dug . | . . . . . Terrain Destroyed 26 | . . . . 26 Melee . | . . . . . Projectile . | . . . . . AOE 26 | . . . . 26 Terrain Rammed . | . . . . . Walls Destroyed . | . . . . . Machines Disabled . | . . . . . Actions | -11 -10 -10 -10 -9 --------- Run | Scr Mat Min Exi Min Total 1156 | 62 243 697 132 22 Wait 11 | . 5 3 . 3 Move 1071 | 47 213 667 132 12 Hop . | . . . . . Pick Up 19 | 3 11 5 . . Fast Attach 8 | 7 1 . . . Attach 4 | . . 1 . 3 Detach . | . . . . . Swap 3 | . 2 1 . . Drop 9 | . 3 5 . 1 Fire 30 | 5 8 15 . 2 Melee . | . . . . . Ram . | . . . . . Kick . | . . . . . Crush . | . . . . . Escape Stasis . | . . . . . Rewire . | . . . . . Trap 1 | . . . . 1 Miscellaneous . | . . . . . Route ------- -11/Scrapyard -10/Materials -10/Mines (discovered 3 exits: [*Mat x2] / [*Exi]) -10/Exiles -9/Mines History --------- Turn | Location | Event 3 | -11/Scrapyard | Discovered new exit (range 16) 99 | -11/Scrapyard | Entered Materials 202 | -10/Materials | Discovered new exit (range 16) 318 | -10/Materials | Build established: Mutant 485 | -10/Materials | Entered Mines 597 | -10/Mines | Discovered new exit (range 9) 680 | -10/Mines | Found a hidden stash of uninstalled traps 709 | -10/Mines | Learned location of Zion (-7) 760 | -10/Mines | Received a Rocket Launcher from a helpful Derelict 829 | -10/Mines | Learned location of 1 exit from Materials 978 | -10/Mines | Deemed a non-threat by the Exiles lab entrance 978 | -10/Mines | Discovered new exit (range 5) 1322 | -10/Mines | Discovered new exit (range 9) 1611 | -10/Mines | Entered Exiles 1651 | -10/Exiles | Met 8R-AWN 1679 | -10/Exiles | Met EX-HEX 1739 | -10/Exiles | Met EX-DEC 1800 | -10/Exiles | Discovered new exit (range 14) 1823 | -10/Exiles | Entered Mines 1824 | -9/Mines | Assembled infested the area 1829 | -9/Mines | Assisted by a Guerilla fighting off Assembled 1843 | -9/Mines | Core integrity fell below 50% 1856 | -9/Mines | Core integrity fell below 20% 1857 | -9/Mines | Destroyed by as-33365 with Assembled F-torch Last Messages --------------- 01838_ Heat Sink destroyed. 01844_ Med. Laser destroyed. 01850_ Destroyed Asb. Hover Unit. 01850_ as-87319 destroyed. 01850_ Lgt. Treads destroyed. 01850_ Destroyed Lgt. Treads. 01850_ as-46131 destroyed. 01850_ as-19677 shuts down. 01851_ A pair of derelicts emerge from the shadows: "We're, um, lost. You wouldn't happen to know the way out of here, would you?" 01852_ Lgt. Armor Plating destroyed. 01852_ Destroyed Lgt. Armor Plating. 01852_ as-19041 destroyed. 01852_ Destroyed Asb. Hover Unit. 01852_ as-68582 destroyed. 01852_ as-19677 destroyed. 01852_ Lgt. Ion Engine destroyed. 01852_ System corrupted by crushing effect (+1). 01855_ Knocked back. 01855_ Rocket Launcher destroyed. Map ----- +----------------------------------------------------+ | ?????????????????????????????????????????????????? | | ?????????????????????????????????????????????????? | | ?????????????????????????????????????????????????? | | ?????????????????????????????????????????????????? | | ?????????????????????????????????????????????????? | | ?????????????????????????????????????????????????? | | ?????????????????????????????????????????????????? | | ?????????????????????????????????????????????????? | | ???????????????????????????????????#?????????????? | | ??????????????????????????????????# ?????????????? | | ?????????????????????????????????# ?????????????? | | ????????????????????????????????# ?????????????? | | ???????????????????????????????? ?????????????? | | ????????????????????????????????? ?????????????? | | ????????????????????????????????? #?????????????? | | ????????????????????????????????? #?????????????? | | ??????????????? ?????????????????# #?????#???????? | | ???????????????? ??????####??????# #???? ##??????? | | ????????????????? ###### ##?????# #???# ##### | | ?????????????????? #?????# #### | | ???????????????????? #??### ## | | ????????????????????? #### a "#?????? | | ??????????????????????# z## a= ##??????? | | ???????????????????????# aa = #" %%" ? | | ?????????????????######## a aa% ### ##?? ? | | ?????????????# $ @ %a #?######?????? | | ?????????????????######## ##???????????????? | | ????????????????????????# #?????????????????? | | ????????????????????????### ##?????????????????? | | ???????????????????????????####??????????????????? | | | | | | | | | | | | | | | | | | | | | | | | | | | | | | | | | | | | | | | | | +----------------------------------------------------+ Best States ------------- Heat Dissipation 35 Energy Generation 10 Energy Capacity 125 Matter Stores 300 Matter Capacity 300 Sight Range 16 Terrain Scan Density 10 Armor Coverage 150 Evasion (%) 40 Recoil Reduction 2 Item Schematics ----------------- None Robot Schematics ------------------ None Fabricated ------------ Nothing Alien Tech Used ----------------- None Achievements -------------- None Challenges ------------ None Game ------ Seed LauncherWardroneLog Manual? 0 Play Time 00:07:02 Cumulative 309.9 hours Start 2022.06.07 @ 22:24:58 End 2022.06.07 @ 22:30:54 Sessions 1 Manual Loads 0 Difficulty Rogue Special Mode None Game No. 552 Rogue 397 Adventurer 148 Explorer 7 Win Type - Total 10 Types 8/0/1/1/0/0/0/0/0 Lore% 73 Gallery% 86 Achievement% 66 Wizard Run 0 Options --------- ASCII 0 Keyboard 0 Movement Numpad Keybinds 0 Fullscreen 1 Font 18/SmallcapsGlow Map View 76x50 Tactical HUD 1 Map Filters NONE Filters NONE Steam 1 RUN: 616a4be2-61b4-4c01-b10b-06da820a1003